AoeStats
← Bo Xilai stan

MegaRandom

510204711Analyzed
2v2 RM · 2d ago on Sep 29, 2026· 63m 54s· 4 players
Game mode
Random Map
Map size
Medium (4 player)
Population
200
Speed
Normal
Resources
Standard
Victory
Conquest
Starting age
Dark Age
Ending age
Imperial Age
RankedLock teamsTeams togetherTeam positionsShared explorationLock speedFull tech treeHidden civsTurbo modeCheats
Victory
Defeat
🇺🇸 Danes · United States
956
+17
🇺🇸 Japanese · United States
937
+18
🇧🇷 Inca · Brazil
1129
-24
🇧🇷 Byzantines · Brazil
829
-11
Bo Xilai stan
5:22 Loom
11:40 Feudal Age
12:29 Double-Bit Axe
12:27 Horse Collar
19:13 Castle Age
21:09 Gold Mining
25:01 Bow Saw
24:53 Heavy Plow
28:47 Redemption
28:56 Squires
28:42 Arson
29:07 Town Watch
30:00 Wheelbarrow
29:50 Scale Mail Armor
33:04 Imperial Age
32:10 Forging
33:10 Elite Varangian Guard
35:21 Gold Shaft Mining
35:06 Town Patrol
35:21 Hand Cart
36:30 Elite Jomsviking
37:59 Iron Casting
45:02 Chain Mail Armor
45:47 Blast Furnace
44:40 Onager
45:31 Northmen's Fury
46:23 Siege Onager
49:40 Pikeman
53:31 Halberdier
54:23 Caravan
55:27 Plate Mail Armor
55:17 Capped Ram
Officer Friendly
7:57 Loom
10:40 Feudal Age
11:16 Double-Bit Axe
14:12 Horse Collar
17:28 Forging
17:58 Wheelbarrow
18:08 Fletching
23:16 Castle Age
22:21 Padded Archer Armor
23:54 Bodkin Arrow
24:07 Thumb Ring
23:39 Crossbowman
25:33 Squires
26:02 Pikeman
28:30 Hand Cart
29:37 Iron Casting
30:59 Scale Mail Armor
32:53 Chain Mail Armor
34:00 Arson
34:01 Gambesons
39:17 Imperial Age
41:08 Leather Archer Armor
42:26 Elite Skirmisher
45:46 Chemistry
46:29 Ring Archer Armor
46:00 Bracer
47:11 Ballistics
59:35 Kataparuto
Djokomiro
11:07 Feudal Age
12:26 Wheelbarrow
12:05 Double-Bit Axe
12:03 Horse Collar
13:14 Loom
13:53 Gold Mining
21:51 Castle Age
23:11 Hand Cart
25:06 Bow Saw
26:17 Gold Shaft Mining
25:15 Elite Skirmisher
25:25 Pikeman
26:05 Squires
29:53 Coinage
32:48 Padded Archer Armor
32:48 Scale Mail Armor
37:11 Imperial Age
36:25 Scale Barding Armor
37:14 Onager
38:57 Heavy Camel Rider
40:05 Halberdier
40:13 Elite Varangian Guard
43:01 Chemistry
42:22 Ballistics
42:43 Banking
43:57 Chain Mail Armor
43:58 Leather Archer Armor
44:03 Chain Barding Armor
45:56 Plate Mail Armor
53:40 Man-at-Arms
54:05 Gambesons
Al Pacino
10:25 Feudal Age
10:57 Double-Bit Axe
16:40 Castle Age
14:34 Horse Collar
16:25 Wheelbarrow
15:42 Gold Mining
17:40 Bow Saw
22:12 Padded Archer Armor
22:03 Fletching
23:06 Heavy Plow
23:07 Pikeman
25:57 Leather Archer Armor
26:57 Bodkin Arrow
31:43 Imperial Age
29:33 Hand Cart
29:59 Scale Mail Armor
30:09 Forging
31:33 Ballistics
31:04 Heated Shot
31:24 Masonry
32:27 Squires
33:44 Chain Mail Armor
33:29 Bracer
33:58 Town Watch
34:54 Gold Shaft Mining
34:19 Arson
34:44 Crossbowman
36:44 Chemistry
35:57 Arbalester
38:28 Plate Mail Armor
38:33 Iron Casting
41:46 Crop Rotation
40:52 Halberdier
43:39 Town Patrol
43:24 Loom
44:08 Fabric Shields
45:30 Elite Kamayuk
46:10 Andean Sling
47:02 Elite Skirmisher
48:17 Ring Archer Armor
48:22 Iron Casting
49:26 Andean Sling
50:01 Hoardings
48:57 Sappers
49:47 Conscription
52:44 Blast Furnace
52:58 Heavy Scorpion
Connection lost

Rejoining the realm…

Still unreachable

The connection could not be restored.

Session expired

The server has moved on; the page needs a fresh start.